 Dungeon Crawl Stone Soup version 0.23.2-1-ga50397a6bc (webtiles) character file.

Game seed: 1598778872589646294

2645 Morbidden the Shield-Bearer (level 9, -1/74 HPs)
             Began as a Gnoll Fighter on May 14, 2019.
             Was an Elder of Okawaru.
             Hit by a javelin of returning thrown by a centaur (9 damage)
             ... in a bailey.
             The game lasted 00:12:43 (5533 turns).

Morbidden the Shield-Bearer (Gnoll Fighter)         Turns: 5533, Time: 00:12:44

Health: -1/74      AC: 14    Str: 20 (22) XL:     9   Next: 62%
Magic:  15/15      EV: 12    Int:  8 (11) God:    Okawaru [****..]
Gold:   243        SH: 12    Dex: 18 (19) Spells: 16/16 levels left

rFire    + + .     SeeInvis .   a - +1 long sword
rCold    . . .     Gourm    .   c - +1 shield
rNeg     . . .     Faith    .   m - +0 plate armour {rF+}
rPois    +         Spirit   .   (no helmet)
rElec    .         Reflect  .   (no cloak)
rCorr    .         Harm     .   (no gloves)
MR       .....                  g - +0 pair of boots
Stlth    ..........             (no amulet)
HPRegen  0.22/turn              (no ring)
MPRegen  0.14/turn              (no ring)

@: agile, very slightly contaminated, lightly drained
A: distributed training, fangs 1, fire resistance 1, poison resistance,
screaming 1, strong nose
a: Heroism, Renounce Religion


You were in a bailey.
You worshipped Okawaru.
Okawaru was greatly pleased with you.
You were not hungry.

You visited 1 branch of the dungeon, and saw 7 of its levels.
You also visited: Bailey.

You collected 243 gold pieces.

Inventory:

Hand Weapons
 a - a +1 long sword (weapon)
 k - a +0 dagger of venom
Missiles
 t - 4 javelins (quivered)
Armour
 c - a +1 shield (worn)
 g - a +0 pair of boots (worn)
 m - a +0 plate armour of fire resistance (worn)
Wands
 x - a wand of acid (1)
Scrolls
 e - 11 scrolls of identify
 h - 2 scrolls of enchant weapon
 i - a scroll of teleportation
 l - a scroll of enchant armour
 r - 2 scrolls of noise
 y - a scroll of silence {unknown}
 z - 2 scrolls of remove curse
Potions
 d - a potion of might
 p - a potion of flight
 u - a potion of mutation
 w - a potion of haste
Comestibles
 f - 19 rations
 o - a chunk of flesh


   Skills:
 + Level 7.9(7.7) Fighting
 + Level 4.3(4.1) Short Blades
 + Level 6.4(6.2) Long Blades
 + Level 4.3(4.1) Axes
 + Level 4.3(4.1) Maces & Flails
 + Level 4.3(4.1) Polearms
 + Level 4.3(4.1) Staves
 + Level 4.3(4.1) Slings
 + Level 4.3(4.1) Bows
 + Level 4.3(4.1) Crossbows
 + Level 4.3(4.1) Throwing
 + Level 7.9(7.7) Armour
 + Level 4.3(4.1) Dodging
 + Level 4.3(4.1) Stealth
 + Level 7.9(7.7) Shields
 + Level 4.3(4.1) Unarmed Combat
 + Level 4.3(4.1) Spellcasting
 + Level 3.5(3.4) Conjurations
 + Level 3.5(3.4) Hexes
 + Level 3.5(3.4) Charms
 + Level 3.5(3.4) Summonings
 + Level 3.5(3.4) Necromancy
 + Level 3.5(3.4) Translocations
 + Level 3.5(3.4) Transmutations
 + Level 3.5(3.4) Fire Magic
 + Level 3.5(3.4) Ice Magic
 + Level 3.5(3.4) Air Magic
 + Level 3.5(3.4) Earth Magic
 + Level 3.5(3.4) Poison Magic
 + Level 4.8(4.6) Invocations
 + Level 4.3(4.1) Evocations


You had 16 spell levels left.
You didn't know any spells.
Your spell library contained the following spells:

 Spells                   Type           Power        Failure   Level  Hunger
 Animate Skeleton         Necr           N/A          98%         1    #......
 Apportation              Tloc           #.....       98%         1    #......
 Confusing Touch          Hex            #.....       98%         1    #......
 Summon Small Mammal      Summ           #...         98%         1    #......


Dungeon Overview and Level Annotations

Branches:
Dungeon (7/15)             Temple (0/1) D:5

Altars:
Hepliaklqana
Okawaru
Uskayaw
Yredelemnul

Annotations:
D:6 2 transporters, Acheron's ghost, novice HaFi


Innate Abilities, Weirdness & Mutations

Your experience applies equally to all skills.
You have very sharp teeth.
Your uncanny sense of smell can sniff out nearby items.
Your flesh is heat resistant. (rF+)
Your system is resistant to poisons. (rPois)
You occasionally shout uncontrollably at your foes.


Message History

The centaur throws a javelin of returning.
The javelin of returning hits you!
* * * LOW HITPOINT WARNING * * *
There is a fountain of clear blue water here.
You see here a javelin of returning.
Unknown command.
Okay, then.
Okay, then.
You feel agile all of a sudden.
The centaur throws a javelin of returning.
The javelin of returning barely misses you.
The weapon returns to the centaur!
Unknown command.
As you read the scroll labeled KOIDEFEDUPU, it crumbles to dust.
You hear a loud clanging noise!
It was a scroll of noise.
You hear a shout! x9
The centaur throws a javelin of returning.
The javelin of returning hits you!
You die...

≈........o...##
≈...≈≈≈≈≈≈≈≈≈...
≈..≈≈.......≈≈≈.
≈....≈≈≈≈≈≈≈..≈≈
...≈≈≈.....≈≈≈.≈
..≈≈..≈≈≈≈≈..≈≈.
.≈≈.≈≈≈...≈≈≈.≈.
c≈.≈≈..@.⌠..≈o≈≈
.≈.....∩∩∩..≈o..
.≈.≈≈..⌠.⌠..≈c≈≈
.≈≈.≈≈≈...≈≈≈.≈o
..≈≈..≈≈≈≈≈..≈≈.
..o≈≈≈.....≈≈≈.≈
≈....≈≈≈≈≈≈≈..≈≈
≈..≈≈.......≈≈≈.
...≈≈≈≈≈≈≈≈≈o..


You could see 2 centaurs and 4 orcs.

Vanquished Creatures
  Pikel (D:5)
  Grinder (D:4)
  Eustachio (D:4)
  Menkaure (D:6)
  Duvessa (D:4)
  An ice beast (D:5)
  A sky beast (D:6)
  An ogre (D:7)
  Blork the orc (D:5)
  2 bullfrogs (D:6)
  Dowan (D:4)
  2 scorpions
  4 wights (D:7)
  A quasit (D:7)
  A hound (D:7)
  A bullfrog zombie (D:6)
  3 orc priests
  2 bullfrog skeletons
  A centaur zombie (D:5)
  2 iguanas
  5 worker ants
  5 orc wizards
  A worker ant zombie (D:5)
  11 adders
  An ooze (D:2)
  2 adder skeletons
  A worm (D:4)
  2 dart slugs
  4 leopard geckos
  17 orcs
  7 bats
  5 giant cockroaches
  3 goblins
  6 hobgoblins
  8 jackals
  3 quokkas
  3 ball pythons
  4 frilled lizards
  7 kobolds
  A leopard gecko skeleton (D:6)
  A quokka zombie (D:7)
  3 rats
129 creatures vanquished.

Vanquished Creatures (others)
  Edmund (D:5)
  A slave (D:5)
2 creatures vanquished.

Grand Total: 131 creatures vanquished

Notes
Turn   | Place    | Note
-------+----------+-------------------------------------------
     0 | D:1      | Morbidden the Gnoll Fighter began the quest for the Orb.
     0 | D:1      | Reached XP level 1. HP: 23/23 MP: 1/1
    69 | D:1      | Reached XP level 2. HP: 29/29 MP: 2/2
   703 | D:1      | Reached XP level 3. HP: 35/35 MP: 3/3
  1006 | D:2      | Reached skill level 1 in Invocations
  1140 | D:2      | Found an iron altar of Okawaru.
  1156 | D:2      | Became a worshipper of Warmaster Okawaru
  1238 | D:2      | Found a hide-covered altar of Uskayaw.
  1321 | D:2      | Reached skill level 1 in Short Blades
  1321 | D:2      | Reached skill level 1 in Axes
  1321 | D:2      | Reached skill level 1 in Maces & Flails
  1321 | D:2      | Reached skill level 1 in Polearms
  1321 | D:2      | Reached skill level 1 in Staves
  1321 | D:2      | Reached skill level 1 in Slings
  1321 | D:2      | Reached skill level 1 in Bows
  1321 | D:2      | Reached skill level 1 in Crossbows
  1321 | D:2      | Reached skill level 1 in Throwing
  1321 | D:2      | Reached skill level 1 in Dodging
  1321 | D:2      | Reached skill level 1 in Stealth
  1321 | D:2      | Reached skill level 1 in Unarmed Combat
  1321 | D:2      | Reached skill level 1 in Spellcasting
  1321 | D:2      | Reached skill level 1 in Evocations
  1321 | D:2      | Reached XP level 4. HP: 37/41 MP: 5/5
  1755 | D:2      | Reached skill level 1 in Conjurations
  1755 | D:2      | Reached skill level 1 in Hexes
  1755 | D:2      | Reached skill level 1 in Charms
  1755 | D:2      | Reached skill level 1 in Summonings
  1755 | D:2      | Reached skill level 1 in Necromancy
  1755 | D:2      | Reached skill level 1 in Translocations
  1755 | D:2      | Reached skill level 1 in Transmutations
  1755 | D:2      | Reached skill level 1 in Fire Magic
  1755 | D:2      | Reached skill level 1 in Ice Magic
  1755 | D:2      | Reached skill level 1 in Air Magic
  1755 | D:2      | Reached skill level 1 in Earth Magic
  1755 | D:2      | Reached skill level 1 in Poison Magic
  1755 | D:2      | Reached XP level 5. HP: 35/47 MP: 6/6
  2619 | D:4      | Found a hazy altar of Hepliaklqana.
  2646 | D:4      | Reached * piety under Okawaru
  2646 | D:4      | Reached XP level 6. HP: 53/53 MP: 8/8
  2721 | D:4      | Noticed Eustachio
  2721 | D:4      | Noticed Duvessa
  2721 | D:4      | Noticed Dowan
  2744 | D:4      | Killed Duvessa
  2744 | D:4      | Reached skill level 5 in Long Blades
  2747 | D:4      | Killed Dowan
  2753 | D:4      | Killed Eustachio
  2753 | D:4      | Reached XP level 7. HP: 27/60 MP: 10/10
  3185 | D:4      | Noticed Grinder
  3191 | D:4      | Paralysed by Grinder for 7 turns
  3201 | D:4      | Paralysed by Grinder for 3 turns
  3209 | D:4      | Paralysed by Grinder for 2 turns
  3219 | D:4      | Killed Grinder
  3219 | D:4      | Reached ** piety under Okawaru
  3421 | D:5      | Entered Level 5 of the Dungeon
  3475 | D:5      | Reached XP level 8. HP: 61/67 MP: 12/12
  3560 | D:5      | Noticed Blork the orc
  3568 | D:5      | Killed Blork the orc
  3576 | D:5      | Noticed Edmund
  3580 | D:5      | Noticed Pikel
  3606 | D:5      | Killed Pikel
  3606 | D:5      | Reached *** piety under Okawaru
  3608 | D:5      | Killed Edmund
  3854 | D:5      | Found a basalt altar of Yredelemnul.
  4178 | D:5      | Found a staircase to the Ecumenical Temple.
  4282 | D:6      | Noticed Menkaure
  4289 | D:6      | Reached XP level 9. HP: 38/72 MP: 14/14
  4294 | D:6      | Killed Menkaure
  4388 | D:6      | Found a transporter.
  4892 | D:6      | Found a transporter.
  4962 | D:6      | Noticed Acheron's ghost (novice HaFi)
  5403 | D:7      | Reached **** piety under Okawaru
  5428 | D:7      | Gained mutation: Your system is resistant to poisons.
                  | (rPois) [potion of mutation]
  5428 | D:7      | Gained mutation: You occasionally shout uncontrollably at
                  | your foes. [potion of mutation]
  5428 | D:7      | Gained mutation: Your flesh is heat resistant. (rF+)
                  | [potion of mutation]
  5465 | D:7      | Found a flagged portal.
  5468 | D:7      | HP: 2/74 [ogre/+0 giant spiked club (14)]
  5530 | Bailey   | Entered a bailey
  5533 | Bailey   | Hit by a javelin of returning thrown by a centaur

Skill      XL: |  1  2  3  4  5  6  7  8  9 |
---------------+----------------------------+-----
Invocations    | 1 2 3 4 |  4.8
Short Blades   | 1 2 3 4 |  4.3
Axes           | 1 2 3 4 |  4.3
Maces & Flails | 1 2 3 4 |  4.3
Polearms       | 1 2 3 4 |  4.3
Staves         | 1 2 3 4 |  4.3
Slings         | 1 2 3 4 |  4.3
Bows           | 1 2 3 4 |  4.3
Crossbows      | 1 2 3 4 |  4.3
Throwing       | 1 2 3 4 |  4.3
Dodging        | 1 2 3 4 |  4.3
Stealth        | 1 2 3 4 |  4.3
Unarmed Combat | 1 2 3 4 |  4.3
Spellcasting   | 1 2 3 4 |  4.3
Evocations     | 1 2 3 4 |  4.3
Conjurations   | 1 2 3 |  3.5
Hexes          | 1 2 3 |  3.5
Charms         | 1 2 3 |  3.5
Summonings     | 1 2 3 |  3.5
Necromancy     | 1 2 3 |  3.5
Translocations | 1 2 3 |  3.5
Transmutations | 1 2 3 |  3.5
Fire Magic     | 1 2 3 |  3.5
Ice Magic      | 1 2 3 |  3.5
Air Magic      | 1 2 3 |  3.5
Earth Magic    | 1 2 3 |  3.5
Poison Magic   | 1 2 3 |  3.5
Long Blades    | 5 6 |  6.4
Fighting       | 7 |  7.9
Armour         | 7 |  7.9
Shields        | 7 |  7.9

Action                   |  1- 3 |  4- 6 |  7- 9 || total
-------------------------+-------+-------+-------++-------
Melee: Long sword        |    98 |   116 |   275 ||   489
       Bite              |    10 |    12 |    27 ||    49
Throw: Javelin           |       |       |     5 ||     5
Evoke: Wand              |       |       |     7 ||     7
  Use: Scroll            |     1 |       |    10 ||    11
       Potion            |       |     2 |    10 ||    12
 Stab: Invisible         |       |       |     3 ||     3
  Eat: Chunk             |     1 |     4 |     7 ||    12
       Ration            |       |       |     1 ||     1
Armor: Scale mail        |    29 |       |       ||    29
       Chain mail        |    16 |    63 |   136 ||   215
       Plate armour      |       |       |     5 ||     5
Dodge: Dodged            |    24 |    28 |    76 ||   128
Block: Shield            |    57 |   111 |   149 ||   317
       Rpst.: Long sword |     5 |    10 |    23 ||    38
